 Dungeon Crawl Stone Soup version 0.27-a0-13-g87abb2d9eb (webtiles) character file.

Game seed: 5902935526898029982

993 wakim the Poker (level 8, -12/60 HPs)
             Began as a Merfolk Gladiator on Jan 2, 2021.
             Was a Believer of Okawaru.
             Mangled by an orc warrior
             ... wielding a +0 long sword
              (17 damage)
             ... on level 5 of the Dungeon.
             The game lasted 00:26:07 (7234 turns).

wakim the Poker (Merfolk Gladiator)                 Turns: 7234, Time: 00:26:07

Health: -12/60     AC:  6    Str: 14    XL:     8   Next: 19%
Magic:  8/8        EV: 14    Int: 14    God:    Okawaru [**....]
Gold:   311        SH:  9    Dex: 17    Spells: 7/7 levels left

rFire    . . .     SeeInvis .   a - +1 trident
rCold    . . .     Faith    .   l - +0 buckler
rNeg     . . .     Spirit   .   b - +0 ring mail
rPois    .         Reflect  +   t - +0 helmet
rElec    .         Harm     .   (no cloak)
rCorr    .         Rampage  .   (no gloves)
Will     .....                  (no boots)
Stlth    ++........             q - amulet of reflection
HPRegen  0.20/turn              f - +6 ring of intelligence
MPRegen  0.11/turn              (no ring)

@: no status effects
A: change form in water, swift swim, stealthy swim
a: Renounce Religion, Heroism


You were on level 5 of the Dungeon.
You worshipped Okawaru.
Okawaru was pleased with you.
You visited 1 branch of the dungeon, and saw 7 of its levels.

You collected 311 gold pieces.

Inventory:

Hand Weapons
 a - a +1 trident (weapon)
 g - a +0 trident
 o - a +4 morningstar
Missiles
 d - 3 throwing nets (quivered)
 k - 116 stones
Armour
 b - a +0 ring mail (worn)
 c - a +0 leather armour
 l - a +0 buckler (worn)
 r - a +0 chain mail
 t - a +0 helmet (worn)
 v - a +0 chain mail
Jewellery
 f - a +6 ring of intelligence (left hand)
 q - an amulet of reflection (around neck)
Wands
 p - a wand of digging (1)
Scrolls
 e - 3 scrolls of remove curse
 i - 12 scrolls of identify
 s - a scroll of magic mapping
Potions
 j - a potion of resistance {unknown}
 n - a potion of curing {unknown}
 u - 2 potions of might {unknown}


   Skills:
 + Level 4.1 Fighting
 * Level 7.7 Polearms
 * Level 4.3 Throwing
 + Level 1.2 Armour
 * Level 7.2 Dodging
 + Level 3.3 Stealth
 + Level 1.7 Shields


You had 7 spell levels left.
You didn't know any spells.
Your spell library was empty.

Dungeon Overview and Level Annotations

Branches:
Dungeon (7/15)             Temple (0/1) D:7

Altars:
Ashenzari
Gozag
Okawaru
Sif Muna
Trog
Zin


Message History

* * * LOW HITPOINT WARNING * * *
You hit the orc warrior.
The orc warrior is heavily wounded.
The orc warrior hits you with a +0 long sword.
* * * LOW HITPOINT WARNING * * *
You hit the orc warrior but do no damage.
The orc warrior is heavily wounded.
You block the orc warrior's attack.
You hit the orc warrior but do no damage.
The orc warrior is heavily wounded.
You puncture the orc warrior!
The orc warrior is severely wounded.
You block the orc warrior's attack.
You hit the orc warrior.
The orc warrior is severely wounded.
The orc warrior misses you.
You hit the orc warrior.
The orc warrior is almost dead.
The orc warrior hits you with a +0 long sword!
You die...

############# #...........#
#.#########'## #............#
#..######....# #..# #....#
####### #..######....# #.....#
#..##.....#.## ####'###.##
#..##.#####@# #......#... #..##.#
#o# #.≈≈≈≈.#... ##..##.# ###§#
#.≈≈≈≈.#... #......# #§#§#
#.≈≈≈≈.#... #..##..###§§§#
#.≈≈≈≈.#... #..#.....#§§§#
#.≈≈≈≈.#...
#####.##...#.#§§§######.≈≈≈≈.#...
.............#........#.≈≈≈≈.#...
#####.###..#.#.#.######.≈≈≈≈.#...


You could see an orc warrior.

Vanquished Creatures
  Eustachio (D:6)
  A bullfrog (D:6)
  A scorpion (D:4)
  3 wights (D:6)
  A centaur zombie (D:6)
  2 bullfrog zombies (D:6)
  2 orc priests (D:3)
  4 orc wizards
  A hound (D:6)
  2 iguanas (D:4)
  2 worker ants
  9 adders
  3 white imps
  An ufetubus (D:6)
  An ooze (D:5)
  4 worms
  A dart slug (D:1)
  4 leopard geckos
  15 orcs
  2 ball pythons
  2 giant cockroaches
  12 goblins
  3 hobgoblins
  2 jackals (D:1)
  4 quokkas
  9 bats
  4 frilled lizards
  A giant cockroach zombie (D:5)
  12 kobolds
  9 rats
118 creatures vanquished.

Notes
Turn   | Place    | Note
-------+----------+-------------------------------------------
     0 | D:1      | wakim the Merfolk Gladiator began the quest for the Orb.
     0 | D:1      | Reached XP level 1. HP: 16/16 MP: 1/1
   121 | D:1      | Reached XP level 2. HP: 20/23 MP: 2/2
   514 | D:1      | Reached XP level 3. HP: 23/28 MP: 3/3
  1064 | D:1      | Reached skill level 5 in Polearms
  1406 | D:2      | Reached XP level 4. HP: 34/34 MP: 4/4
  1592 | D:2      | Reached skill level 5 in Dodging
  1602 | D:2      | Found an opulent altar of Gozag.
  1767 | D:2      | Found a glowing silver altar of Zin.
  1797 | D:2      | Reached skill level 1 in Stealth
  1907 | D:2      | Found an iron altar of Okawaru.
  1908 | D:2      | Found a bloodstained altar of Trog.
  1915 | D:2      | Became a worshipper of Warmaster Okawaru
  2244 | D:3      | Reached XP level 5. HP: 32/41 MP: 5/5
  3430 | D:4      | Reached XP level 6. HP: 37/47 MP: 6/6
  4133 | D:4      | Reached * piety under Okawaru
  4527 | D:5      | Entered Level 5 of the Dungeon
  4726 | D:5      | Found a shimmering blue altar of Sif Muna.
  5139 | D:5      | You fall into a shaft and drop 2 floors!
  5139 | D:7      | Found a staircase to the Ecumenical Temple.
  5196 | D:6      | Reached XP level 7. HP: 27/52 MP: 7/7
  6231 | D:6      | Reached skill level 1 in Shields
  6322 | D:6      | Found a broken altar of Ashenzari.
  6536 | D:6      | Reached ** piety under Okawaru
  6677 | D:6      | Reached skill level 1 in Armour
  6812 | D:6      | Reached XP level 8. HP: 54/60 MP: 8/8
  6879 | D:6      | Noticed Eustachio
  6894 | D:6      | Killed Eustachio
  7234 | D:5      | Mangled by an orc warrior

Illustrated notes

Levels and vault maps discovered:
D:1:      dpeg_arrival_prison, layout_basic, solitary_fountain, minmay_cupped
D:2:      layout_basic, pdpol_temple_overflow_zin_treasury_gozag_greed,
          gammafunk_temple_overflow_statue
D:3:      layout_basic, minmay_ruptured
D:4:      layout_cave_pools
D:5:      layout_basic, led_sif_pool, nrook_pool_corridor
D:6:      layout_loops_ring, nicolae_ashenzari_panopticon, uniq_eustachio
D:7:      layout_loops_ring, slow_altar_1, pdpol_wu_jian_five_deadly_venoms,
          minmay_temple_entry_glass

Skill      XL: |  1  2  3  4  5  6  7 |
---------------+----------------------+-----
Polearms       | 5 6 7 |  7.7
Dodging        | 5 6 7 |  7.2
Stealth        | 1 2 3 |  3.3
Fighting       | 3 4 |  4.1
Throwing       | 3 4 |  4.3
Shields        | 1 |  1.7
Armour         | 1 |  1.2

Action                   |  1- 3 |  4- 6 |  7- 9 || total
-------------------------+-------+-------+-------++-------
Melee: Trident           |   105 |   240 |   177 ||   522
  Use: Potion            |       |     8 |       ||     8
       Scroll            |       |     7 |     2 ||     9
 Stab: Sleeping          |     5 |     9 |     1 ||    15
       Distracted        |       |     1 |       ||     1
Armor: Leather armour    |     9 |    15 |       ||    24
       Ring mail         |       |    25 |    27 ||    52
Dodge: Dodged            |    44 |   111 |    78 ||   233
Block: Buckler           |       |    26 |    73 ||    99
       Reflection        |       |       |     1 ||     1

Table legend: (Time is in decaauts)
 A = Elapsed time spent in this place.
 B = Non-inter-level travel time spent in this place.
 C = Inter-level travel time spent in this place.
 D = Time resting spent in this place.
 E = Time spent auto-exploring this place.
 F = Levels seen in this place.
 G = Mean time per level.
                   A        B        C        D        E       F      G
               +--------+--------+--------+--------+--------+-----+--------+
         Total |   7254 |   7005 |    249 |   1408 |   3814 |   7 | 1036.3 |
       Dungeon |   7254 |   7005 |    249 |   1408 |   3814 |   7 | 1036.3 |
               +--------+--------+--------+--------+--------+-----+--------+

Top non-repeatable levels by time:
     D:5: 1461 daAuts
     D:1: 1318 daAuts
     D:3: 1230 daAuts
     D:6: 1194 daAuts
     D:2: 1033 daAuts
     D:4: 972 daAuts
     D:7: 43 daAuts
